 Dungeon Crawl Stone Soup version 0.31-a0-1540-g5a0b83f448 (webtiles) character file.

Game seed: 9609636356049233866

106545 croobank the Unseen (level 15, -13/81 HPs)
             Began as a Felid Delver on Jan 1, 2024.
             Was an Initiate of Gozag.
             Mangled by a salamander tyrant (24 damage)
             ... on level 1 of the Snake Pit.
             The game lasted 02:38:50 (41265 turns).

croobank the Unseen (Felid Delver)                 Turns: 41265, Time: 02:38:51

Health: -13/81     AC:  3    Str: 10    XL:     15   Next: 97%
Magic:  0/39       EV: 26    Int: 25    God:    Gozag
Gold:   5592       SH:  0    Dex: 17    Spells: 11/35 levels left
                                        Lives:  0   Deaths: 3

rFire   . .          .
                       - Unarmed
rCold   + . .        (shield unavailable)
rNeg    . . .        (body armour unavailable)
rPois   +            (helmet unavailable)
rElec   .            (cloak unavailable)
rCorr   .            (gloves unavailable)
SInv    +            (boots unavailable)
Will    +++..        i - amulet of guardian spirit
Stlth   ++++++       a - ring of willpower
HPRegen 0.33/turn    v - ring of Summertime {rPois MP+9 Str+2 Int+3 Slay+2}
MPRegen 0.26/turn

%: guardian spirit
@: studying Stealth
A: very small, claws 1, fangs 3, see invisible, shaggy fur 3, stealthy paws, no
weapons or thrown items, no armour, multi-lived
a: Renounce Religion, Potion Petition, Call Merchant, Bribe Branch


You were on level 1 of the Snake Pit.
You worshipped Gozag.
Gozag was greatly pleased with you.
You visited 5 branches of the dungeon, and saw 24 of its levels.
You also visited: Volcano.

You collected 8045 gold pieces.
You spent 1073 gold pieces at shops.
You paid 1380 gold pieces to Gozag.

Inventory:

Hand Weapons
 y - a +1 trident of flaming
Jewellery
 a - a ring of willpower (left paw)
 c - a ring of magical power
 d - a ring of wizardry
 f - the ring "Qakhifis" {rF+ rC+ AC+4 Str+2}
   (You found it on level 5 of the Lair of Beasts)

   [ring of protection]

   AC+4:      It affects your AC (+4).
   Str+2:     It affects your strength (+2).
   rF+:       It protects you from fire.
   rC+:       It protects you from cold.
 i - an amulet of guardian spirit (around neck)
 j - a +6 ring of intelligence
 n - a +6 ring of strength
 r - a ring of fire
 v - the ring of Summertime (right paw) {rPois MP+9 Str+2 Int+3 Slay+2}
   (You found it on level 7 of the Dungeon)

   [ring of poison resistance]

   Str+2:     It affects your strength (+2).
   Int+3:     It affects your intelligence (+3).
   Slay+2:    It affects your accuracy & damage with ranged weapons and melee
   (+2).
   rPois:     It protects you from poison MP+9: It affects your magic capacity
   (+9).
 E - a +4 ring of protection
 K - a +5 ring of evasion
 N - a ring of fire
Talismans
 l - a serpent talisman
 m - a blade talisman
Wands
 b - a wand of light (1)
 g - a wand of flame (18)
 w - a wand of mindburst (11)
 z - a wand of iceblast (2)
 J - a wand of paralysis (8)
Scrolls
 e - 3 scrolls of revelation
 q - 2 scrolls of noise
 F - 2 scrolls of teleportation
 H - a scroll of vulnerability
 I - a scroll of torment
 L - 4 scrolls of identify
 M - a scroll of blinking
 O - a scroll of amnesia
Potions
 h - 3 potions of lignification
 k - 4 potions of attraction
 o - 4 potions of cancellation
 p - 2 potions of resistance
 s - 3 potions of mutation
 t - a potion of ambrosia
 u - 2 potions of brilliance
 x - 2 potions of might
 A - 3 potions of haste
 B - 4 potions of magic
 C - 3 potions of curing
 D - a potion of enlightenment
Miscellaneous
 G - a sack of spiders (inert)


   Skills:
 - Level 10.3 Fighting
 - Level 12.8 Dodging
 - Level 16.4 Stealth
 - Level 3.6 Unarmed Combat
 + Level 10.9 Spellcasting
 + Level 6.8 Conjurations
 - Level 6.2 Hexes
 - Level 12.3 Summonings
 - Level 7.6 Translocations
 - Level 5.0 Fire Magic
 - Level 9.0 Air Magic
 - Level 5.0 Evocations
 - Level 7.5 Shapeshifting


You had 11 spell levels left.
You knew the following spells:

 Your Spells              Type           Power      Damage    Failure   Level
b - Call Imp              Summ           100%       N/A       1%          2
c - Call Canine Familiar  Summ           66%        N/A       1%          3
d - Summon Blazeheart Go  Fire/Summ      54%        N/A       1%          4
e - Summon Lightning Spi  Summ/Air       61%        N/A       1%          4
f - Arcjolt               Conj/Air       26%        1d36      4%          5
B - Blink                 Tloc           100%       N/A       1%          2
C - Confusing Touch       Hex            44%        N/A       1%          3
M - Magic Dart            Conj           100%       1d8       1%          1

Your spell library contained the following spells:

 Spells                   Type           Power      Damage    Failure   Level
 Slow                     Hex            100%       N/A       1%          1
 Summon Small Mammal      Summ           100%       N/A       1%          1
 Ensorcelled Hibernation  Hex/Ice        58%        N/A       1%          2
 Lesser Beckoning         Tloc           100%       N/A       1%          2
 Mercury Vapours          Alch/Air       72%        N/A       1%          2
 Momentum Strike          Conj/Tloc      98%        3d10      1%          2
 Searing Ray              Conj           94%        2d7       1%          2
 Static Discharge         Conj/Air       100%       3-8/arc   1%          2
 Dazzling Flash           Conj/Hex       92%        N/A       1%          3
 Mephitic Cloud           Conj/Alch/Air  40%        N/A       1%          3
 Sigil of Binding         Hex            44%        N/A       1%          3
 Swiftness                Air            56%        N/A       1%          3
 Volatile Blastmotes      Fire/Tloc      90%        2d17      1%          3
 Airstrike                Air            28%        2d(4-20)  1%          4
 Vhi's Electric Charge    Tloc/Air       100%       N/A       1%          4
 Stone Arrow              Conj/Erth      60%        3d10      3%          3
 Cause Fear               Hex            22%        N/A       3%          4
 Sublimation of Blood     Necr           13%        N/A       7%          2
 Fireball                 Conj/Fire      21%        3d10      11%         5
 Passwall                 Erth           13%        N/A       14%         3
 Vampiric Draining        Necr           13%        2d6       14%         3
 Freezing Cloud           Conj/Ice/Air   20%        6-21      14%         5
 Irradiate                Conj/Alch      15%        3d16      30%         5
 Plasma Beam              Fire/Air       24%        2x1d36    36%         6
 Petrify                  Alch/Erth      13%        N/A       41%         4
 Starburst                Conj/Fire      21%        6d7       52%         6
 Spellforged Servitor     Conj/Summ      28%        N/A       58%         7
 Orb of Destruction       Conj           23%        9d8       93%         7
 Lehudib's Crystal Spear  Conj/Erth      15%        10d5      100%        8
 Maxwell's Capacitive Co  Air            28%        ∞         100%        8
 Dragon's Call            Summ           33%        N/A       100%        9
 Animate Armour           Summ/Erth      Unusable   N/A       N/A         4

Dungeon Overview and Level Annotations

Branches:
Dungeon (15/15)            Temple (1/1) D:6            Lair (5/5) D:8
  Swamp (0/4) Lair:3        Snake (1/4) Lair:3        Slime (0/5) Lair:5
    Orc (2/2) D:9             Elf (0/3) Orc:2        Vaults (0/5) D:13
 Depths (0/4) D:15        Volcano (visited)

Altars:
Ashenzari
Cheibriados
Dithmenos
Elyvilon
Fedhas
Gozag
Hepliaklqana
Kikubaaqudgha
Makhleb
Nemelex Xobeh
Okawaru
Qazlal
Ru
Sif Muna
Trog
Uskayaw
Vehumet
Wu Jian
Xom
Yredelemnul
Zin
The Shining One
Jiyva

Shops:
D:1 [   D:15 *   Orc:2 ![([*

Annotations:
D:3 need digging
D:9 exclusion: statue


Innate Abilities, Weirdness & Mutations

You have sharp claws.
You have razor-sharp teeth.
You have supernaturally acute eyesight. (SInv)
Your thick and shaggy fur keeps you warm. (AC +3, rC+)
Your paws help you pounce on unaware monsters.
You are incapable of wielding weapons or throwing items.
You cannot wear armour.
You gain extra lives every three experience levels.


Message History

The flame surge hits your lightning spire.
Your lightning spire resists.
Your lightning spire is destroyed!
Your lightning spire disappears in a puff of smoke!
Aiming: Mindburst
Press: ? - help, Shift-Dir - straight line, f/p - salamander tyrant
Aim: a salamander tyrant (almost dead, unaware, hasn't noticed you, chance to affect: 50%)
The salamander tyrant resists with some effort.
Aiming: Mindburst
Press: ? - help, Shift-Dir - straight line, f/p - salamander tyrant
Aim: a salamander tyrant (almost dead, chance to affect: 50%)
The salamander tyrant resists with some effort.
The salamander tyrant hits you.
You are engulfed in flames!!
Aiming: Mindburst
Press: ? - help, Shift-Dir - straight line, f/p - salamander tyrant
Aim: a salamander tyrant (almost dead, chance to affect: 50%)
The salamander tyrant resists with some effort.
The salamander tyrant hits you.
You are engulfed in flames!!
* * * LOW HITPOINT WARNING * * *
Aiming: Mindburst
Press: ? - help, Shift-Dir - straight line, f/p - salamander tyrant
Aim: a salamander tyrant (almost dead, chance to affect: 50%)
Okay, then.
Aiming: Paralyse
Press: ? - help, Shift-Dir - straight line, f/p - salamander tyrant
Aim: a salamander tyrant (almost dead, chance to affect: 27%)
Okay, then.
Okay, then.
You are studying Stealth.
Your movement speed is average.
Your attack delay is about 0.9.
Your damage rating with unarmed combat is about 11 (Base [5 + 3 (UC)] x 100% (Str) x 117% (Fight) + 2 (Slay)).
Your base attributes are Str 8, Int 22, Dex 17.
Unknown command.
You scratch the salamander tyrant. You bite the salamander tyrant.
The salamander tyrant is almost dead.
The salamander tyrant hits you.
* * * LOW HITPOINT WARNING * * *
You are engulfed in flames!!
You die...
Your body crumbles into a pile of gold.

#..,*,,,...* ****,
#..,,,,....*******,
#.#***,....*,,,,,>,
#.####.....,,******
##≈...#...#****
#.≈≈....#**
#.....### #..N))#
##.@..# ##...#
#####


You could see a salamander tyrant.

Vanquished Creatures
  Kirke (D:13)
  An orc warlord (Orc:1)
  Nessos (D:15)
  Erolcha (D:13)
  A salamander tyrant (Snake:1)
  An ice dragon (D:15)
  4 hydras
  2 boulder beetles (D:15)
  A catoblepas (Lair:5)
  Erica (Orc:1)
  2 two-headed ogres
  A centaur warrior (D:14)
  2 occultists (D:15)
  5 orc high priests (Orc:2)
  A skyshark (Lair:5)
  A swamp dragon (Lair:3)
  An orc sorcerer (D:15)
  A deep elf pyromancer (D:15)
  3 orc knights (Orc:2)
  A necromancer (D:15)
  A salamander (Volcano)
  A manticore (D:14)
  A wolf spider zombie (D:15)
  12 ugly things
  4 cyclopes
  A wolf spider (D:15)
  Maurice (D:11)
  A meliai (D:14)
  8 black mambas
  A guardian serpent (D:15)
  A molten gargoyle (Volcano)
  4 cane toads
  3 gargoyles
  3 torpor snails (Lair:5)
  3 komodo dragons
  A rime drake (Lair:4)
  A troll (Orc:1)
  A tyrant leech (Lair:5)
  5 hornets
  Prince Ribbit (D:7)
  6 polar bears
  4 dream sheep (Lair:5)
  A glass eye (shapeshifter) (D:15)
  A blink frog (Lair:4)
  A raiju (Lair:5)
  3 slime creatures (D:15)
  A wyvern (D:8)
  12 yaks
  A shadow (D:12)
  A fire bat (Orc:2)
  7 hogs (D:13)
  Menkaure (D:7)
  A warg (Lair:5)
  4 vampire mosquitoes
  2 hell hounds (Lair:5)
  2 nagas (Snake:1)
  9 water moccasins
  19 orc warriors
  3 black bears
  2 ice beasts
  An ogre (Orc:1)
  2 boggarts (D:14)
  5 wolves
  5 centaurs
  2 phantoms
  A kobold brigand (D:8)
  7 bullfrogs
  A gnoll sergeant (D:7)
  Dowan (D:4)
  5 electric eels
  4 howler monkeys
  A bombardier beetle (D:4)
  2 jellies
  2 gnoll boudas
  11 orc priests
  3 sleepcaps
  2 iguanas
  5 orc wizards
  9 gnolls
  3 adders
  2 white imps (D:8)
  3 dart slugs
  A ribbon worm (D:4)
  32 orcs
  6 endoplasms
  A giant cockroach (D:2)
  7 goblins
  7 hobgoblins
  4 quokkas
  5 ball pythons
  2 bats
  3 frilled lizards (D:2)
  5 kobolds
  6 rats
323 creatures vanquished.

Vanquished Creatures (collateral kills)
  Jorgrun (Orc:2)
  A fire dragon (Lair:5)
  Harold (Orc:1)
  A rakshasa (D:15)
  A hydra (D:15)
  2 catoblepae (Lair:5)
  3 centaur warriors
  3 boulder beetles
  A tengu warrior (D:13)
  2 naga warriors (Snake:1)
  4 two-headed ogres
  A shock serpent (Snake:1)
  A hell hog (Lair:5)
  A skyshark (Lair:2)
  2 lindwurms (Lair:5)
  2 arcanists
  A deep elf pyromancer (D:13)
  A mana viper (Snake:1)
  2 orc knights (Orc:2)
  3 ugly things (D:15)
  A manticore (D:13)
  3 salamanders (Volcano)
  2 cyclopes
  3 naga magi (Snake:1)
  2 meliai (D:14)
  6 elephants (Lair:2)
  A gargoyle (D:11)
  5 black mambas
  A molten gargoyle (Volcano)
  2 torpor snails (Lair:5)
  2 centaur skeletons (D:15)
  5 cane toads
  5 komodo dragons
  A rime drake (Lair:2)
  A tengu conjurer (D:13)
  An efreet (Volcano)
  A troll (D:10)
  9 polar bears
  2 tyrant leeches (Lair:5)
  10 blink frogs
  8 hornets
  2 raiju (Lair:5)
  10 dream sheep
  2 slime creatures (D:15)
  A spriggan (shapeshifter) (D:15)
  3 wyverns
  A wraith (D:13)
  30 yaks
  2 fire bats (Orc:2)
  6 wargs
  2 basilisks
  A hog (D:14)
  6 vampire mosquitoes
  2 acid dragons
  A naga (Snake:1)
  14 water moccasins
  10 hell hounds (Lair:5)
  10 black bears (Lair:5)
  10 orc warriors
  3 ogres
  13 centaurs
  2 boggarts (D:14)
  31 wolves
  7 bullfrogs
  A gnoll sergeant (D:10)
  7 wights (D:9)
  A hornet simulacrum (D:15)
  5 killer bees (D:9)
  2 lava snakes (Lair:5)
  12 orc priests
  An orc wizard (Orc:2)
  A mummy (D:10)
  11 gnolls
  2 ufetubi (D:6)
  33 orcs
  A kobold (D:8)
351 creatures vanquished.

Vanquished Creatures (others)
  A hornet (D:14)
  Duvessa (D:4)
  A wolf (Lair:5)
  93 blazeheart cores
96 creatures vanquished.

Grand Total: 770 creatures vanquished

Notes
Turn   | Place    | Note
-------+----------+-------------------------------------------
     0 | D:5      | croobank the Felid Delver began the quest for the Orb.
     0 | D:5      | Reached XP level 1. HP: 12/12 MP: 2/2
    34 | D:5      | Noticed an ogre
    37 | D:5      | Noticed a sleepcap
   102 | D:4      | Noticed Duvessa
   103 | D:4      | Noticed Dowan
   736 | D:1      | Found Orras's Antique Armour Shoppe.
   954 | D:1      | Reached XP level 2. HP: 10/16 MP: 3/3
  1536 | D:2      | Identified a scroll of acquirement
  1536 | D:2      | Acquired a manual of Stealth
  1746 | D:2      | Reached skill level 7 in Stealth
  1778 | D:2      | Reached XP level 3. HP: 14/20 MP: 4/4
  2177 | D:3      | Identified the scarf "Qoucum" {repulsion, rElec rCorr Str-2
                  | SInv}
  2224 | D:3      | Killed from afar by a kobold
  2224 | D:3      | Lost a life (0 lives remaining)
  2462 | D:2      | Reached XP level 4. HP: 9/24 MP: 5/5
  2462 | D:2      | Gained a life (1 life remaining)
  2632 | D:3      | Learned a level 2 spell: Blink
  2672 | D:3      | Reached skill level 1 in Shapeshifting
  3335 | D:4      | Reached skill level 1 in Translocations
  3445 | D:4      | Killed Duvessa
  3446 | D:4      | Reached skill level 1 in Spellcasting
  3446 | D:4      | Reached XP level 5. HP: 3/28 MP: 8/8
  3446 | D:4      | Killed Dowan
  3447 | D:4      | Gained mutation: You are covered in thick fur. (AC +2)
                  | [Felid growth]
  3447 | D:4      | Reached XP level 6. HP: 4/32 MP: 10/10
  3601 | D:4      | Learned a level 2 spell: Call Imp
  4013 | D:4      | Reached skill level 1 in Summonings
  4835 | D:5      | Reached skill level 5 in Translocations
  4835 | D:5      | Reached XP level 7. HP: 36/36 MP: 12/12
  4835 | D:5      | Gained a life (2 lives remaining)
  5477 | D:6      | Found a staircase to the Ecumenical Temple.
  5492 | Temple   | Entered the Ecumenical Temple
  5500 | Temple   | Became a worshipper of Gozag Ym Sagoz the Greedy
  5547 | D:6      | Learned a level 1 spell: Magic Dart
  5551 | D:6      | Learned a level 3 spell: Confusing Touch
  5655 | D:6      | Reached skill level 1 in Hexes
  5803 | D:6      | Reached skill level 1 in Conjurations
  6278 | D:6      | Found a white marble altar of Elyvilon.
  6284 | D:6      | Reached XP level 8. HP: 41/41 MP: 14/14
  6562 | D:7      | Noticed Prince Ribbit
  6571 | D:7      | Killed Prince Ribbit
  6626 | D:7      | Noticed Menkaure
  6695 | D:7      | Killed Menkaure
  7848 | D:7      | Identified the ring of Summertime {rPois MP+9 Str+2 Int+3
                  | Slay+2}
  8132 | D:7      | Reached skill level 5 in Hexes
  9443 | D:7      | Reached XP level 9. HP: 30/44 MP: 16/16
  9509 | D:7      | Got Easy Incantation
  9666 | D:8      | Found a hazy altar of Hepliaklqana.
  9699 | D:8      | Found a shadowy altar of Dithmenos.
  9804 | D:8      | Reached skill level 5 in Summonings
 10517 | D:8      | Found a shimmering blue altar of Sif Muna.
 10588 | D:8      | Learned a level 4 spell: Summon Lightning Spire
 10802 | D:8      | Reached skill level 1 in Air Magic
 10803 | D:8      | Reached skill level 5 in Spellcasting
 10989 | D:8      | Found a staircase to the Lair.
 11137 | D:8      | Reached XP level 10. HP: 51/51 MP: 19/19
 11758 | D:9      | Reached skill level 5 in Air Magic
 12133 | D:9      | Found a radiant altar of Vehumet.
 12485 | D:8      | Reached skill level 5 in Dodging
 12727 | D:9      | Reached skill level 8 in Stealth
 12735 | D:9      | Found a shadowy altar of Dithmenos.
 12735 | D:9      | Found a basalt altar of Yredelemnul.
 12757 | D:9      | Found a staircase to the Orcish Mines.
 13259 | D:10     | Entered Level 10 of the Dungeon
 13371 | D:10     | Noticed a two-headed ogre
 13388 | D:10     | Killed a two-headed ogre
 13586 | D:10     | Found a snail-covered altar of Cheibriados.
 13710 | D:10     | Noticed a two-headed ogre
 13751 | D:10     | Killed a two-headed ogre
 13752 | D:10     | Reached skill level 5 in Fighting
 13752 | D:10     | Reached skill level 9 in Stealth
 13995 | D:10     | Reached XP level 11. HP: 52/55 MP: 13/22
 14528 | D:11     | Noticed Maurice
 14722 | D:11     | Noticed a two-headed ogre
 15279 | Lair:1   | Entered Level 1 of the Lair of Beasts
 15470 | Lair:1   | Learned a level 4 spell: Summon Blazeheart Golem
 15493 | Lair:1   | Reached skill level 10 in Stealth
 15694 | Lair:1   | Reached skill level 1 in Fire Magic
 16631 | Lair:2   | Reached skill level 11 in Stealth
 17617 | Lair:2   | Noticed a skyshark
 17624 | Lair:2   | Killed a skyshark
 17625 | Lair:2   | Gained mutation: Your thick and shaggy fur keeps you warm.
                  | (AC +3, rC+) [Felid growth]
 17625 | Lair:2   | Reached XP level 12. HP: 61/61 MP: 21/24
 17706 | Lair:2   | Noticed a seven-headed hydra
 17714 | Lair:2   | Killed a seven-headed hydra
 18216 | Lair:2   | Reached skill level 12 in Stealth
 18895 | Lair:3   | Learned a level 5 spell: Arcjolt
 18900 | Lair:3   | Noticed a boulder beetle
 18914 | Lair:3   | Killed a boulder beetle
 18982 | Lair:3   | You fall into a shaft and drop 1 floor!
 19229 | Lair:4   | Reached skill level 5 in Fire Magic
 19262 | Lair:4   | HP: 1/62 [komodo dragon (25)]
 19595 | Lair:3   | Reached skill level 13 in Stealth
 19989 | Lair:3   | Found a staircase to the Snake Pit.
 20759 | Lair:3   | Found a staircase to the Swamp.
 21394 | Lair:5   | Entered Level 5 of the Lair of Beasts
 21617 | Lair:4   | Reached XP level 13. HP: 67/67 MP: 26/26
 22256 | Lair:5   | Identified the ring "Qakhifis" {rF+ rC+ AC+4 Str+2}
 22405 | Lair:5   | Reached skill level 14 in Stealth
 22422 | Lair:5   | Reached skill level 5 in Shapeshifting
 22763 | Lair:5   | Reached skill level 5 in Conjurations
 22965 | Lair:5   | Paralysed by a hornet for 2 turns
 23368 | Lair:5   | Noticed a fire dragon
 23377 | Lair:5   | Killed a fire dragon
 23971 | Lair:5   | Reached skill level 10 in Dodging
 24783 | Lair:5   | Reached skill level 15 in Stealth
 26269 | Lair:5   | Reached XP level 14. HP: 74/74 MP: 28/28
 27026 | Lair:5   | Found a viscous altar of Jiyva.
 27026 | Lair:5   | Found a staircase to the Slime Pits.
 27590 | D:11     | Killed Maurice
 27807 | D:11     | Identified the +4 flail of Anguish {pain, ^Drain rF++ rN+}
 28112 | D:12     | Reached skill level 16 in Stealth
 28112 | D:12     | Reached skill level 1 in Evocations
 28341 | D:12     | Reached skill level 10 in Summonings
 29976 | D:13     | Noticed Erolcha
 29998 | D:13     | Killed Erolcha
 30197 | D:13     | Noticed Kirke
 30216 | D:13     | Killed Kirke
 30648 | D:13     | Found a gate to the Vaults.
 31012 | D:14     | Found the +27 heavy crossbow "Sniper" {heavy, Acc+∞ SInv}
 31575 | Orc:1    | Entered Level 1 of the Orcish Mines
 31582 | Orc:1    | Noticed an orc warlord
 31842 | Orc:1    | Killed an orc warlord
 32186 | Orc:1    | Noticed Erica
 32197 | Orc:1    | Killed Erica
 33183 | Orc:1    | Noticed Harold
 33305 | Orc:1    | Killed Harold
 33460 | Orc:2    | Entered Level 2 of the Orcish Mines
 33566 | Orc:2    | Found a dark tunnel.
 33586 | Volcano  | Entered a volcano
 33701 | Volcano  | Reached skill level 10 in Spellcasting
 34126 | Volcano  | Noticed an orb of fire
 34197 | Volcano  | Noticed an orb of fire
 34352 | Orc:2    | Found a staircase to the Elven Halls.
 34775 | Orc:2    | Noticed Jorgrun
 34796 | Orc:2    | Killed Jorgrun
 34797 | Orc:2    | Reached XP level 15. HP: 75/79 MP: 20/30
 35347 | Orc:2    | Found Fuoc's Armour Shop.
 35347 | Orc:2    | Found Jeup's Distillery.
 35348 | Orc:2    | Found Foadoss's Antique Armour Shop.
 35348 | Orc:2    | Found Ziefeq Orocw's Weapon Boutique.
 35464 | Orc:2    | Bought a potion of haste for 150 gold pieces
 35464 | Orc:2    | Bought a potion of curing for 45 gold pieces
 35464 | Orc:2    | Bought a potion of curing for 45 gold pieces
 35464 | Orc:2    | Bought a potion of might for 60 gold pieces
 35737 | Orc:2    | Found Vathryaj's Assorted Antiques.
 35751 | Orc:2    | Bought a scroll of revelation for 195 gold pieces
 35751 | Orc:2    | Bought a twisted brass ring for 130 gold pieces
 35751 | Orc:2    | Bought a scroll of teleportation for 78 gold pieces
 35751 | Orc:2    | Bought a tiny platinum amulet for 130 gold pieces
 37183 | D:14     | Learned a level 3 spell: Call Canine Familiar
 37206 | D:15     | Entered Level 15 of the Dungeon
 37637 | D:15     | Reached skill level 5 in Evocations
 37660 | D:15     | Found Zoubiqy's Assorted Antiques.
 37771 | D:15     | Bought a scroll of blinking for 240 gold pieces
 38002 | D:15     | Reached skill level 10 in Fighting
 38776 | D:15     | Noticed Nessos
 38791 | D:15     | Killed Nessos
 38859 | D:15     | Found a staircase to the Depths.
 40333 | Snake:1  | Entered Level 1 of the Snake Pit
 40816 | Snake:1  | Mangled by a salamander tyrant
 40816 | Snake:1  | Lost a life (1 life remaining)
 41173 | Snake:1  | Shot with an arrow by a naga sharpshooter
 41173 | Snake:1  | Lost a life (0 lives remaining)
 41265 | Snake:1  | Mangled by a salamander tyrant

Illustrated notes

Levels and vault maps discovered:
D:1:      mainiacjoe_arrival_reflecting_pool, layout_basic, serial_shops,
          nicolae_shop_tiny_real_fake_doors, nrook_mini_vaults
D:2:      layout_basic
D:3:      layout_basic, due_unseen_surprise
D:4:      layout_basic, uniq_duvessa
D:5:      layout_basic, st_stairs_5, supply_closet_lemuel
D:6:      layout_basic, elyvilon_altar_5, minmay_temple_entry_mini_moons
D:7:      layout_loops_ring, uniq_menkaure, uniq_prince_ribbit1
D:8:      layout_loops_ring, lemuel_crystal_altar, due_lair_maze_entry_diamond,
          hangedman_feature_mirror, roderic_lattice_a
D:9:      layout_rooms, vehumet_statue,
          chequers_temple_overflow_statue_of_worship, hiddenorc1_lemuel
D:10:     layout_cave_pools, slow_altar_1, serial_column_ruins,
          column_ruins_circle_large, column_ruins_grid_1,
          column_ruins_columns_T, column_ruins_grid_2, column_ruins_columns_T,
          column_ruins_corridor_straight, column_ruins_open_small
D:11:     layout_rooms, uniq_maurice
D:12:     layout_gridville, chequers_serial_rivers_room_b
D:13:     layout_cave_pools, hellmonk_vaults_attempted_burglary,
          nicolae_figureground_sparkle, uniq_erolcha, uniq_kirke
D:14:     layout_long_grid, dreamdust_wasp_nest
D:15:     grunt_enter_depths_magical_seal, layout_basic, hex_medium,
          serial_shops, shop, nrook_guardian_serpent_double, uniq_nessos
Temple:   nicolae_temple_x_marks_the_god
Lair:1:   layout_misc_corridors, minivault_19, minivault_19, grunt_megastairs_3,
          serial_bayou_shore_a
Lair:2:   layout_cellular_growth, lemuel_fruit_fields, serial_bayou_shore_b
Lair:3:   layout_roguey, mainiacjoe_swamp_entry_lozenge_pond,
          minmay_snake_entry_six_corridors
Lair:4:   layout_loops_ring
Lair:5:   hangedman_lair_caniforms_friends, layout_regular_city, wormcave,
          dpeg_slime_entry_enclosed, grunt_forest_small_clearings,
          serial_bayou_ford_a, nicolae_lair_liquid_snakes
Snake:1:  layout_misc_corridors, st_stairs_12, evilmike_ambush
          [evilmike_ambush_outer_corners, evilmike_ambush_inner_cross],
          uniq_roxanne
Orc:1:    layout_caves, uniq_harold, uniq_erica
Orc:2:    st_orc_pillars, layout_caves, serial_shops, shop,
          nicolae_volcano_entry_batcave, regret_index_minedec_shroomtown_chain,
          uniq_jorgrun

Skill      XL: |  1  2  3  4  5  6  7  8  9 10 11 12 13 14 15 |
---------------+----------------------------------------------+-----
Dodging        | 3 4 6 7 9 10 11 12 | 12.8
Stealth        | 7 9 11 13 15 16 | 16.4
Shapeshifting  | 1 2 3 4 5 6 7 |  7.5
Translocations | 3 5 7 |  7.6
Spellcasting   | 1 2 3 4 5 6 7 8 9 10 | 10.9
Summonings     | 3 4 6 7 8 9 10 12 | 12.3
Hexes          | 2 6 |  6.2
Conjurations   | 2 3 4 5 6 |  6.8
Unarmed Combat | 3 |  3.6
Fighting       | 4 5 6 7 8 9 10 | 10.3
Air Magic      | 3 6 7 8 9 |  9.0
Fire Magic     | 3 5 |  5.0
Evocations     | 3 5 |  5.0

Action                     |  1- 3 |  4- 6 |  7- 9 | 10-12 | 13-15 || total
---------------------------+-------+-------+-------+-------+-------++-------
  Melee: Unarmed           |   100 |    90 |   227 |    78 |   345 ||   840
         Bite              |     9 |     8 |    45 |    12 |    67 ||   141
         Punch             |     4 |     2 |     9 |     4 |    21 ||    40
   Cast: Blink             |       |     1 |     4 |     1 |       ||     6
         Call Imp          |       |     6 |    46 |    37 |    28 ||   117
         Magic Dart        |       |       |    18 |     1 |       ||    19
         Confusing Touch   |       |       |    45 |    12 |    58 ||   115
         Summon Lightning  |       |       |     1 |    95 |   173 ||   269
         Summon Blazeheart |       |       |       |    39 |   120 ||   159
         Arcjolt           |       |       |       |       |    36 ||    36
         Call Canine Famil |       |       |       |       |     1 ||     1
 Invoke: Potion Petition   |       |       |       |       |     4 ||     4
  Evoke: Wand              |     3 |    12 |     4 |     1 |    40 ||    60
         Sack of spiders   |       |       |       |       |     4 ||     4
    Use: Scroll            |     6 |     1 |     2 |    19 |    14 ||    42
         Potion            |     4 |     2 |     4 |     3 |    11 ||    24
   Stab: Sleeping          |    16 |     3 |    12 |     1 |     7 ||    39
         Distracted        |       |     1 |     2 |     2 |     6 ||    11
         Invisible         |       |     1 |     1 |       |     8 ||    10
         Confused          |       |       |    18 |       |    18 ||    36
         Betrayed ally     |       |       |       |       |     1 ||     1
 Armour: Skin              |    26 |    26 |    90 |    92 |   279 ||   513
  Dodge: Dodged            |    73 |    60 |   209 |   188 |   627 ||  1157
         Form:             |       |       |       |       |     2 ||     2
         Blade             |       |       |       |       |     2 ||     2
         Serpent           |       |       |       |       |     2 ||     2

Table legend: (Time is in decaauts)
 A = Elapsed time spent in this place.
 B = Non-inter-level travel time spent in this place.
 C = Inter-level travel time spent in this place.
 D = Time resting spent in this place.
 E = Time spent auto-exploring this place.
 F = Levels seen in this place.
 G = Mean time per level.
                   A        B        C        D        E       F      G
               +--------+--------+--------+--------+--------+-----+--------+
         Total |  41242 |  39778 |   1464 |  18566 |  12084 |  25 | 1649.7 |
       Dungeon |  23770 |  22806 |    964 |  10264 |   7676 |  15 | 1584.7 |
        Temple |     87 |     79 |      8 |     68 |      0 |   1 |   87.0 |
          Lair |  12808 |  12393 |    415 |   6132 |   3366 |   5 | 2561.6 |
     Snake Pit |    456 |    456 |      0 |    297 |      0 |   1 |  456.0 |
  Orcish Mines |   3386 |   3309 |     77 |   1518 |    899 |   2 | 1693.0 |
       Volcano |    732 |    732 |      0 |    287 |    143 |   1 |  732.0 |
               +--------+--------+--------+--------+--------+-----+--------+

Top non-repeatable levels by time:
  Lair:5: 5352 daAuts
    D:15: 2872 daAuts
  Lair:2: 2390 daAuts
     D:8: 2271 daAuts
  Lair:3: 1885 daAuts
    D:14: 1866 daAuts
  Lair:4: 1830 daAuts
     D:7: 1826 daAuts
     D:9: 1758 daAuts
     D:6: 1741 daAuts
   Orc:2: 1731 daAuts
    D:12: 1701 daAuts
    D:10: 1686 daAuts
     D:4: 1658 daAuts
   Orc:1: 1655 daAuts
